AoeStats
← KevuJr

Arabia

509947563Analyzed
1v1 RM · 4d ago on Sep 28, 2026· 36m 4s· 2 players
Game mode
Random Map
Map size
Tiny (2 player)
Population
200
Speed
Normal
Resources
Standard
Victory
Conquest
Starting age
Dark Age
Ending age
Imperial Age
RankedLock teamsTeams togetherTeam positionsShared explorationLock speedFull tech treeHidden civsTurbo modeCheats
Victory
Defeat
🇻🇪 Saracens · Venezuela
1332
+18
🇦🇷 Saracens · Argentina
1386
-18
KevuJr
3:13 Loom
10:12 Feudal Age
11:12 Double-Bit Axe
16:42 Horse Collar
17:43 Fletching
18:05 Gold Mining
25:55 Castle Age
25:58 Crossbowman
26:44 Thumb Ring
27:28 Heavy Plow
27:52 Bodkin Arrow
29:01 Ballistics
30:48 Town Watch
Rafu
7:04 Loom
9:01 Feudal Age
9:46 Double-Bit Axe
11:57 Horse Collar
17:43 Castle Age
18:10 Light Cavalry
19:39 Wheelbarrow
22:30 Scale Barding Armor
23:20 Forging
24:41 Chain Barding Armor
25:06 Bloodlines
25:28 Husbandry
25:26 Town Watch
31:55 Fletching
Connection lost

Rejoining the realm…

Still unreachable

The connection could not be restored.

Session expired

The server has moved on; the page needs a fresh start.